 Dungeon Crawl Stone Soup version 0.23-a0-458-g93a6ea9 (webtiles) character file.

163 Amnesiac the Digger (level 5, 34/35 HPs)
             Began as a Demonspawn Earth Elementalist on Nov 25, 2018.
             Quit the game on level 4 of the Dungeon.
             The game lasted 00:03:02 (1789 turns).

Amnesiac the Digger (Demonspawn Earth Elementalist) Turns: 1789, Time: 00:03:03

Health: 34/35      AC:  5    Str:  9    XL:     5   Next: 20%
Magic:  3/9        EV: 12    Int: 17    God:
Gold:   74         SH:  0    Dex: 13    Spells: 7/10 levels left

rFire    . . .     SeeInvis .   a - +0 dagger
rCold    . . .     Gourm    .   (no shield)
rNeg     . . .     Faith    .   c - +0 robe
rPois    .         Spirit   .   (helmet restricted)
rElec    .         Reflect  .   (no cloak)
rCorr    .         Harm     .   (no gloves)
MR       .....                  f - +0 pair of boots
Stlth    ++........             (no amulet)
HPRegen  0.11/turn              (no ring)
MPRegen  0.11/turn              (no ring)

@: no status effects
A: horns 1, thin metallic scales 1
a: no special abilities


You were on level 4 of the Dungeon.
You were not hungry.

You visited 1 branch of the dungeon, and saw 4 of its levels.

You collected 74 gold pieces.

Inventory:

Hand Weapons
 a - a +0 dagger (weapon)
Missiles
 b - 31 stones (quivered)
Armour
 c - a +0 robe (worn)
 f - a +0 pair of boots (worn)
Scrolls
 g - a scroll of remove curse {!r, unknown}
 h - 2 scrolls of enchant weapon {!r, unknown}
 k - a scroll of teleportation {!r, unknown}
 l - 3 scrolls of identify {!r, unknown}
 m - a scroll of immolation {!r, unknown}
 p - a scroll of fear {!r, unknown}
Potions
 e - a potion of lignification {!q, unknown}
 i - 2 potions of degeneration {!q, unknown}
 n - 2 potions of mutation {!q, unknown}
 o - 2 potions of curing {!q, unknown}
 q - a potion of might {!q, unknown}
Comestibles
 d - 7 rations
 j - 4 chunks of flesh


   Skills:
 - Level 1.7 Dodging
 - Level 1.7 Stealth
 + Level 3.2 Spellcasting
 - Level 0.8 Transmutations
 * Level 4.7 Earth Magic


You had 7 spell levels left.
You knew the following spells:

 Your Spells              Type           Power        Failure   Level  Hunger
a - Sandblast             Erth           ###...       2%          1    None
b - Passwall              Tmut/Erth      ##......     9%          2    ##.....

Your spell library contained the following spells:

 Spells                   Type           Power        Failure   Level  Hunger
 Stone Arrow              Conj/Erth      ##....       19%         3    ###....
 Petrify                  Tmut/Erth      ##......     47%         4    ####...
 Lee's Rapid Deconstruct  Erth           ###.......   56%         5    ######.


Dungeon Overview and Level Annotations

Branches:
Dungeon (4/15)
 Temple: D:4-7

Altars:

Annotations:
D:1 exclusion: downstairs


Innate Abilities, Weirdness & Mutations

You have a pair of small horns on your head.
You are partially covered in thin metallic scales. (AC +2)


Message History

Found a white potion.
There is a stone staircase leading up here.
q - a white potion {!q} Magic restored.
You hear the slow hiss of an avalanche of sand nearby.
Found an escape hatch in the ceiling.
You now have 74 gold pieces (gained 8).
h - 2 scrolls labeled OBRARA CYRRAO {!r} (gained 1)
A phantom comes into view.
The phantom moves out of view.
Found a scale mail.
There is an escape hatch in the ceiling here.
The phantom is too close now for your liking.
A phantom is nearby!
A phantom is nearby!
Found 17 gold pieces.
Casting: Sandblast (safe; 3% risk of failure)
Confirm with . or Enter, or press ? or * to list all spells.
Aiming: Sandblast (safe; 3% risk of failure)
Press: ? - help, Shift-Dir - straight line, f - phantom
Aim: a phantom The blast of sand hits the phantom.
The phantom is lightly damaged.
b - 35 stones
Casting: Sandblast (safe; 3% risk of failure)
Confirm with . or Enter, or press ? or * to list all spells.
Aiming: Sandblast (safe; 3% risk of failure)
Press: ? - help, Shift-Dir - straight line, f/p - phantom
Aim: a phantom (lightly damaged)
The blast of sand hits the phantom.
The phantom is heavily damaged.
b - 34 stones The phantom barely misses you.
Casting: Sandblast (safe; 3% risk of failure)
Confirm with . or Enter, or press ? or * to list all spells.
Aiming: Sandblast (safe; 3% risk of failure)
Press: ? - help, Shift-Dir - straight line, f/p - phantom
Aim: a phantom (heavily damaged)
The blast of sand hits the phantom.
The phantom is heavily damaged.
b - 33 stones The phantom barely misses you.
Casting: Sandblast (safe; 3% risk of failure)
Confirm with . or Enter, or press ? or * to list all spells.
Aiming: Sandblast (safe; 3% risk of failure)
Press: ? - help, Shift-Dir - straight line, f/p - phantom
Aim: a phantom (heavily damaged)
The blast of sand hits the phantom.
The phantom is almost destroyed.
b - 32 stones The phantom hits you.
Casting: Sandblast (safe; 3% risk of failure)
Confirm with . or Enter, or press ? or * to list all spells.
Aiming: Sandblast (safe; 3% risk of failure)
Press: ? - help, Shift-Dir - straight line, f/p - phantom
Aim: a phantom (almost destroyed)
The blast of sand hits the phantom.
You destroy the phantom!
Your Spellcasting skill increases to level 3!
You have reached level 5!
Your demonic ancestry asserts itself...
A pair of horns grows on your head!
b - 31 stones Are you sure you want to abandon this character and quit the game? (Confirm

#.# #.# ###### #.### ##
.....# #.#[. ... ####.#
#####.#.# ....
####.####...#.#.# .....
............#.#.##......
#.##.####.....<.@.#
..##.# #####.#.#.#
.....# #.#........
..#### #.###.#.... ..#
#.# .##.## ..# #.# .# $#
.## #.. .. # ## #.. ..
#.#


There were no monsters in sight!

Vanquished Creatures
  A phantom (D:4)
  2 adders (D:3)
  A worm (D:2)
  5 dart slugs
  A leopard gecko (D:1)
  An orc (D:3)
  2 giant cockroaches (D:3)
  5 goblins
  6 hobgoblins
  6 kobolds
  6 bats
  8 rats
44 creatures vanquished.

Notes
Turn   | Place    | Note
-------+----------+-------------------------------------------
     0 | D:1      | Amnesiac the Demonspawn Earth Elementalist began the quest
                  | for the Orb.
     0 | D:1      | Reached XP level 1. HP: 13/13 MP: 3/3
    60 | D:2      | Noticed a water moccasin
   227 | D:1      | Reached skill level 3 in Earth Magic
   345 | D:1      | Gained mutation: You are partially covered in thin metallic
                  | scales. (AC +2) [demonic ancestry]
   345 | D:1      | Reached XP level 2. HP: 19/19 MP: 3/5
   690 | D:1      | Learned a level 2 spell: Passwall
  1143 | D:2      | Reached XP level 3. HP: 22/24 MP: 2/6
  1619 | D:3      | Reached skill level 4 in Earth Magic
  1696 | D:3      | Reached XP level 4. HP: 30/30 MP: 5/8
  1781 | D:4      | Noticed a phantom
  1788 | D:4      | Killed a phantom
  1788 | D:4      | Gained mutation: You have a pair of small horns on your
                  | head. [demonic ancestry]
  1788 | D:4      | Reached XP level 5. HP: 34/35 MP: 3/9
  1789 | D:4      | Quit the game

Vault maps used:
D:1:      nzn_arrival_settlement
D:2:      cheibrodos_greedy_goblins, minmay_pentomino_x2
D:3:      first_ration
D:4:      grunt_temple_overflow_holy_war, enter_ossuary_2, uniq_sigmund,
          uniq_ijyb

Skill      XL: |  1  2  3  4 |
---------------+-------------+-----
Earth Magic    | 3 4 |  4.7
Spellcasting   | 3 |  3.2
Dodging        | |  1.7
Stealth        | |  1.7
Transmutations | |  0.8

Action                   |  1- 3 |  4- 6 || total
-------------------------+-------+-------++-------
Melee: Unarmed           |     4 |       ||     4
 Cast: Sandblast         |    61 |     6 ||    67
 Stab: Sleeping          |     1 |       ||     1
  Eat: Chunk             |     3 |       ||     3
Armor: Robe              |    10 |       ||    10
Dodge: Dodged            |    25 |     2 ||    27

Table legend:
 A = Non-vault XP
 B = Vault XP
 C = Vault XP percentage of total XP
 D = Non-vault monster count
 E = Vault monster count
 F = Vault count percentage of total count
                 A         B        C        D         E       F
            +---------+---------+-------+---------+---------+-------
      Total |     233 |       0 |   0.0 |      44 |       0 |   0.0
            +---------+---------+-------+---------+---------+-------
        D:1 |      34 |       0 |   0.0 |      21 |       0 |   0.0
        D:2 |      27 |       0 |   0.0 |      11 |       0 |   0.0
        D:3 |      48 |       0 |   0.0 |      11 |       0 |   0.0
        D:4 |     124 |       0 |   0.0 |       1 |       0 |   0.0
            +---------+---------+-------+---------+---------+-------
